 Dungeon Crawl Stone Soup version 0.22-a0-467-g5c5de1c (webtiles) character file.

3537 HyperPerson7 the Arsonist (level 9, -10/45 HPs)
             Began as a Deep Elf Fire Elementalist on June 10, 2018.
             Was a Believer of Vehumet.
             Mangled by EvilAshe's ghost (21 damage)
             ... on level 8 of the Dungeon.
             The game lasted 00:20:27 (9401 turns).

HyperPerson7 the Arsonist (DEFE)                    Turns: 9401, Time: 00:20:29

Health: -10/45     AC:  7    Str:  5    XL:     9   Next: 82%
Magic:  27/32      EV: 17    Int: 24    God:    Vehumet [**....]
Gold:   407        SH:  0    Dex: 15    Spells: 11/24 levels left

rFire    . . .     SeeInvis .   g - +0 whip (elec)
rCold    + . .     Gourm    .   (no shield)
rNeg     . . .     Faith    .   G - +2 robe {rC+}
rPois    .         Spirit   .   (no helmet)
rElec    .         Reflect  .   p - +1 cloak
rCorr    .         Harm     .   u - +0 pair of gloves
MR       .....                  (no boots)
Stlth    ++++......             (no amulet)
HPRegen  0.15/turn              E - +4 ring of evasion
MPRegen  0.23/turn              D - ring of magical power

@: no status effects
A: no striking features
a: Renounce Religion


You were on level 8 of the Dungeon.
You worshipped Vehumet.
Vehumet was pleased with you.
You were not hungry.

You visited 2 branches of the dungeon, and saw 9 of its levels.
You also visited: Sewer.

You collected 407 gold pieces.

Inventory:

Hand Weapons
 d - a +0 long sword of slicing
 g - a +0 whip of electrocution (weapon)
 H - a +0 whip of flaming
Armour
 o - a +0 buckler
 p - a +1 cloak (worn)
 u - a +0 pair of gloves (worn)
 G - a +2 robe of cold resistance (worn)
Jewellery
 D - a ring of magical power (right hand)
 E - a +4 ring of evasion (left hand)
Wands
 q - a wand of flame (32)
 y - a wand of random effects (27)
Scrolls
 h - a scroll of immolation
 j - a scroll of enchant weapon {unknown}
 m - a scroll of enchant armour
 n - a scroll of vulnerability {unknown}
 r - 2 scrolls of remove curse
 t - 10 scrolls of teleportation
 v - 2 scrolls of fog {unknown}
 A - a scroll of fear {unknown}
 F - a scroll of summoning {unknown}
Potions
 b - a potion of flight
 c - 5 potions of curing
 f - 2 potions of haste
 k - a potion of berserk rage
 l - a potion of cancellation
 s - 2 potions of might
 w - 2 potions of brilliance
 x - a potion of lignification {!q}
 z - 2 potions of resistance
 B - a potion of magic {unknown}
 C - a potion of heal wounds {unknown}
Comestibles
 a - 8 chunks of flesh
 e - 16 rations


   Skills:
 - Level 2.4 Dodging
 + Level 7.8 Stealth
 + Level 8.0 Spellcasting
 * Level 9.0 Conjurations
 * Level 9.6 Fire Magic


You had 11 spell levels left.
You knew the following spells:

 Your Spells              Type           Power        Failure   Level  Hunger
a - Flame Tongue          Conj/Fire      #####        1%          1    None
e - Conjure Flame         Conj/Fire      ######..     1%          3    None
f - Sticky Flame          Conj/Fire      ######..     1%          4    ##.....
s - Fireball              Conj/Fire      ######....   3%          5    #####..

Your spell library contained the following spells:

 Spells                   Type           Power        Failure   Level  Hunger
 Magic Dart               Conj           ####         1%          1    None
 Confuse                  Hex            #.......     19%         3    None
 Throw Flame              Conj/Fire      ######       1%          2    None
 Iskenderun's Mystic Bla  Conj           ######..     1%          4    ##.....
 Tukima's Dance           Hex            #.......     19%         3    None
 Ensorcelled Hibernation  Hex/Ice        #.....       10%         2    None
 Corona                   Hex            #......      6%          1    None
 Inner Flame              Hex/Fire       ####....     2%          3    None
 Fulminant Prism          Conj/Hex       ####......   10%         4    ##.....
 Dazzling Spray           Conj/Hex       ####..       3%          3    None
 Force Lance              Conj/Tloc      ####....     10%         4    ##.....
 Searing Ray              Conj           ######       1%          2    None


Dungeon Overview and Level Annotations

Branches:
Dungeon (8/15)             Temple (1/1) D:6
   Lair: D:8-11

Altars:
Ashenzari
Cheibriados
Dithmenos
Elyvilon
Fedhas
Gozag
Hepliaklqana
Kikubaaqudgha
Makhleb
Nemelex Xobeh
Okawaru
Qazlal
Sif Muna
Uskayaw
Vehumet
Wu Jian
Xom
Yredelemnul
Zin
The Shining One

Annotations:
D:8 EvilAshe's ghost, novice TrBe


Message History

Aim: EvilAshe's ghost (flame, lightly damaged)
The flame tongue hits EvilAshe's ghost.
EvilAshe's ghost is lightly damaged.
EvilAshe's ghost is engulfed in blazing flames.
EvilAshe's ghost hits you!
Casting: Flame Tongue (safe; 1% risk of failure)
Confirm with . or Enter, or press ? or * to list all spells.
Aiming: Flame Tongue (safe; 1% risk of failure)
Press: ? - help, Shift-Dir - straight line, f/p - EvilAshe's ghost
Aim: EvilAshe's ghost (flame, lightly damaged)
The flame tongue hits EvilAshe's ghost.
EvilAshe's ghost appears unharmed.
EvilAshe's ghost is lightly damaged.
EvilAshe's ghost is engulfed in blazing flames.
EvilAshe's ghost hits you!!
* * * LOW HITPOINT WARNING * * *
Press: ? - help, v - describe, . - travel
Here: EvilAshe's ghost (flame, lightly damaged)
The floor.
EvilAshe's ghost hits you!!
You die...

.##.##.# ###...## .......#
#<..######### ..#.####
#[..........#
#.#....#########...##.##.#.#
#.####.##..................#
#.###......................#
...##..##..................#
.........#######...##......#
########.# #..@..........# #
#.# #..W.....#.##.# # ⌠.#
#............... # ..#
###...##..###.#. # .⌠.#
#...##.)### # # ####
#.......... #
######...###.##. #
#......#..# .. ..
#.#....#..# ... .


You could see EvilAshe's ghost.

Vanquished Creatures
  Pikel (D:7)
  The ghost of Scuka the Changer, a novice DrTm (D:7)
  A wyvern (D:8)
  Duvessa (D:6)
  4 slaves
  A black bear (D:6)
  An ice beast (D:7)
  2 necrophages
  3 phantoms
  An ogre (D:6)
  4 centaurs
  A big kobold (D:7)
  Dowan (D:6)
  4 wights (D:7)
  2 howler monkeys (D:7)
  3 crimson imps
  The ghost of Galder the Magician, a weakling DEAE (D:3)
  A quasit (D:6)
  An orc priest (D:5)
  A hound (D:7)
  5 jellies
  2 bullfrog skeletons
  An iron imp (D:5)
  3 orc wizards
  3 iguanas
  5 worker ants
  A worker ant zombie (D:6)
  10 adders
  2 gnolls (D:7)
  3 shadow imps
  5 oozes (D:8)
  4 worms
  5 leopard geckos
  16 orcs
  4 ball pythons (Sewer)
  10 bats
  5 giant cockroaches
  8 goblins
  12 hobgoblins
  18 jackals
  3 quokkas
  10 frilled lizards
  A jackal skeleton (D:4)
  18 kobolds
  A quokka skeleton (D:5)
  9 rats
  2 plants (Sewer)
201 creatures vanquished.

Vanquished Creatures (others)
  A plant (Sewer)
1 creature vanquished.

Grand Total: 202 creatures vanquished

Notes
Turn   | Place    | Note
-------+----------+-------------------------------------------
     0 | D:1      | HyperPerson7 the Deep Elf Fire Elementalist began the quest for the Orb.
     0 | D:1      | Reached XP level 1. HP: 10/10 MP: 6/6
   299 | D:1      | Reached XP level 2. HP: 15/15 MP: 6/8
   730 | D:1      | Reached XP level 3. HP: 19/19 MP: 7/9
   756 | D:1      | Learned a level 3 spell: Conjure Flame
  1362 | D:2      | Reached XP level 4. HP: 20/24 MP: 6/11
  2645 | D:3      | Noticed Galder's ghost (weakling DEAE)
  2655 | D:3      | Killed Galder's ghost
  2655 | D:3      | Reached XP level 5. HP: 22/28 MP: 2/12
  2736 | D:2      | Learned a level 4 spell: Sticky Flame
  3004 | D:3      | Found a stormy altar of Qazlal.
  3018 | D:3      | Found an opulent altar of Gozag.
  3111 | D:3      | Found a hide-covered altar of Uskayaw.
  3115 | D:3      | Noticed a dagger
  3118 | D:3      | Noticed a dagger
  3170 | D:3      | You fall through a shaft for 2 floors!
  3170 | D:5      | Entered Level 5 of the Dungeon
  3422 | D:4      | Noticed a phantom
  3459 | D:4      | Killed a phantom
  3459 | D:4      | Reached skill level 5 in Fire Magic
  3459 | D:4      | Reached XP level 6. HP: 31/32 MP: 7/14
  4224 | D:5      | Found a hazy altar of Hepliaklqana.
  4249 | D:5      | Found an ancient bone altar of Kikubaaqudgha.
  4329 | D:5      | Found a snail-covered altar of Cheibriados.
  4535 | D:5      | Reached XP level 7. HP: 36/36 MP: 12/16
  4854 | D:6      | Reached skill level 5 in Conjurations
  4892 | D:6      | Reached skill level 5 in Spellcasting
  5006 | D:6      | Found a staircase to the Ecumenical Temple.
  5018 | Temple   | Entered the Ecumenical Temple
  5066 | Temple   | Became a worshipper of Vehumet
  5092 | D:6      | Noticed Duvessa
  5110 | D:6      | Noticed Dowan
  5112 | D:6      | Killed Duvessa
  5112 | D:6      | Reached skill level 5 in Stealth
  5117 | D:6      | Killed Dowan
  5243 | D:6      | Found a glowing drain.
  5323 | Sewer    | Entered a sewer
  6408 | D:6      | Reached XP level 8. HP: 41/41 MP: 18/18
  6415 | D:6      | Learned a level 5 spell: Fireball
  6948 | D:6      | Reached * piety under Vehumet
  6948 | D:6      | Offered knowledge of Freeze by Vehumet.
  7685 | D:7      | Found an iron altar of Okawaru.
  7783 | D:7      | Noticed Scuka's ghost (novice DrTm)
  7815 | D:7      | Killed Scuka's ghost
  8013 | D:7      | Reached XP level 9. HP: 45/45 MP: 21/21
  8083 | D:7      | Noticed Pikel
  8100 | D:7      | Killed Pikel
  8586 | D:7      | Offered knowledge of Shock by Vehumet.
  8601 | D:7      | Reached ** piety under Vehumet
  8652 | D:7      | Found a white marble altar of Elyvilon.
  9387 | D:8      | Noticed EvilAshe's ghost (novice TrBe)
  9401 | D:8      | Mangled by EvilAshe's ghost

Vault maps used:
D:1:      lightli_molten_gateway, minmay_door_square
D:2:      serial_aquarium, aquarium_bridge_square, aquarium_bridge_straight,
          aquarium_window_2, aquarium_window_corner, aquarium_window_corridor_3,
          aquarium_view_2b, aquarium_balcony_3a, aquarium_pool_S
D:3:      nicolae_gozag_seed_capital, dancing_weapons_uskayaw,
          grunt_qazlal_sundering, minivault_19
D:5:      kennysheep_mini, kennysheep_little_box, slow_altar_1, first_ration,
          minmay_misc_feat_alley
D:6:      black_bear_nest_2, temple_green, serial_curves, eino_curves_04,
          eino_curves_03, portal_sewer_entry_d, uniq_pikel, uniq_duvessa
D:7:      okawaru_altar_gauntlet_db, elyvilon_altar_5
D:8:      roderic_roman_lattice, small_chamber_with_monster,
          hangedman_little_slice_of_home, nicolae_sextant
Temple:   minmay_temple_bridge_abc
Sewer:    sewer_co_scattered_pipes

Skill      XL: |  1  2  3  4  5  6  7  8  9 |
---------------+----------------------------+-----
Conjurations   | 2 3 4 5 7 9 |  9.0
Stealth        | 3 4 5 6 7 |  7.8
Fire Magic     | 4 5 6 8 9 |  9.6
Spellcasting   | 4 5 6 8 |  8.0
Dodging        | |  2.4

Action                   |  1- 3 |  4- 6 |  7- 9 || total
-------------------------+-------+-------+-------++-------
Melee: Unarmed           |     1 |       |       ||     1
       Whip              |     9 |    21 |    45 ||    75
       Long sword        |       |     2 |       ||     2
 Cast: Flame Tongue      |    59 |   118 |   249 ||   426
       Conjure Flame     |     1 |     3 |    16 ||    20
       Sticky Flame      |       |     1 |    10 ||    11
       Fireball          |       |       |     2 ||     2
Evoke: Wand              |       |       |     3 ||     3
  Use: Potion            |     3 |       |       ||     3
       Scroll            |       |     9 |     5 ||    14
 Stab: Sleeping          |       |       |     1 ||     1
  Eat: Chunk             |     1 |     8 |    16 ||    25
       Ration            |       |     1 |       ||     1
Armor: Robe              |     2 |     6 |    17 ||    25
Dodge: Dodged            |    15 |    52 |    79 ||   146
       Rpst.: Long sword |       |     1 |       ||     1

Table legend:
 A = Spawn XP
 B = Non-spawn XP
 C = Spawn XP percentage of total XP
 D = Spawn monster count
 E = Non-spawn monster count
 F = Spawn count percentage of total count
 G = Total turns spent on level
                    A         B        C        D         E        F      G
               +---------+---------+-------+---------+---------+-------+---------
         Total |       0 |    5054 |   0.0 |       0 |     195 |   0.0 |  9401
               +---------+---------+-------+---------+---------+-------+---------
           D:1 |       0 |      54 |   0.0 |       0 |      32 |   0.0 |  1150
           D:2 |       0 |     127 |   0.0 |       0 |      33 |   0.0 |  1613
           D:3 |       0 |      68 |   0.0 |       0 |       7 |   0.0 |   479
           D:4 |       0 |     174 |   0.0 |       0 |      13 |   0.0 |   928
           D:5 |       0 |     379 |   0.0 |       0 |      13 |   0.0 |   798
           D:6 |       0 |     889 |   0.0 |       0 |      23 |   0.0 |  1280
           D:7 |       0 |    2448 |   0.0 |       0 |      37 |   0.0 |  1725
           D:8 |       0 |     849 |   0.0 |       0 |      17 |   0.0 |   388
         Sewer |       0 |      66 |   0.0 |       0 |      20 |   0.0 |   970
               +---------+---------+-------+---------+---------+-------+---------
